 Dungeon Crawl Stone Soup version 0.24.0-123-gd5b16e6ec5 (webtiles) character file.

Game seed: 9056095894190877408, levelgen mode: deterministic

147 vurker the Gusty (level 5, 0/29 HPs)
             Began as a Tengu Air Elementalist on Dec 19, 2019.
             Succumbed to an orc priest's poison
             ... on level 3 of the Dungeon.
             The game lasted 00:03:58 (2335 turns).

vurker the Gusty (Tengu Air Elementalist)           Turns: 2335, Time: 00:03:59

Health: 0/29       AC:  4    Str: 13    XL:     5   Next: 29%
Magic:  1/10       EV: 15    Int: 17    God:
Gold:   146        SH:  0    Dex: 14    Spells: 9/10 levels left

rFire    . . .     SeeInvis .   c - +0 dagger
rCold    . . .     Gourm    .   (no shield)
rNeg     + + .     Faith    .   p - +1 robe {rN+}
rPois    .         Spirit   .   (helmet restricted)
rElec    .         Reflect  .   (no cloak)
rCorr    +         Harm     .   j - +0 pair of gloves
MR       .....                  (boots unavailable)
Stlth    ++........             k - amulet of regeneration
HPRegen  0.49/turn              b - ring of resist corrosion
MPRegen  0.12/turn              r - ring of positive energy

@: mighty, lethally poisoned (0 -> -13), flying quickly and evasively, quick
A: beak, talons 3, able to fly
a: Fly


You were on level 3 of the Dungeon.
You were not hungry.

You visited 1 branch of the dungeon, and saw 3 of its levels.

You collected 146 gold pieces.

Inventory:

Hand Weapons
 c - a +0 dagger (weapon)
   (You took it off a goblin on level 1 of the Dungeon)
Armour
 j - a +0 pair of gloves (worn)
   (You found it on level 2 of the Dungeon)
 p - a +1 robe of positive energy (worn)
   (You took it off Jessica on level 3 of the Dungeon)
Jewellery
 b - a ring of resist corrosion (left hand)
   (You found it on level 1 of the Dungeon)
 k - an amulet of regeneration (around neck)
   (You took it off a kobold on level 2 of the Dungeon)
 r - a ring of positive energy (right hand)
   (You found it on level 3 of the Dungeon)
Scrolls
 a - 3 scrolls of magic mapping {unknown}
 d - 3 scrolls of amnesia {unknown}
 f - a scroll of fog {unknown}
 h - 2 scrolls of identify {unknown}
 n - a scroll of teleportation {unknown}
Potions
 g - a potion of flight
 i - a potion of cancellation {unknown}
 l - a potion of resistance {unknown}
 o - a potion of curing {unknown}
 q - a potion of agility {unknown}
 s - a potion of might
Comestibles
 e - 6 rations
 m - 4 chunks of flesh


   Skills:
 + Level 1.4 Fighting
 - Level 2.1 Dodging
 - Level 2.0 Stealth
 * Level 3.1 Spellcasting
 * Level 3.6 Conjurations
 * Level 5.3 Air Magic


You had 9 spell levels left.
You knew the following spells:

 Your Spells              Type           Power        Failure   Level  Hunger
a - Shock                 Conj/Air       ###.         2%          1    None

Your spell library contained the following spells:

 Spells                   Type           Power        Failure   Level  Hunger
 Swiftness                Chrm/Air       ##......     9%          2    ##.....
 Static Discharge         Conj/Air       ###.....     9%          3    ###....
 Corona                   Hex            #......      17%         1    None
 Airstrike                Air            ###.......   19%         4    ####...
 Dazzling Spray           Conj/Hex       #.....       24%         3    ###....
 Ensorcelled Hibernation  Hex/Ice        #.....       26%         2    ##.....
 Confuse                  Hex            #.......     45%         3    ###....
 Tukima's Dance           Hex            #.......     45%         3    ###....
 Lightning Bolt           Conj/Air       ###.......   58%         5    ######.


Dungeon Overview and Level Annotations

Branches:
Dungeon (3/15)

Altars:
Gozag
Kikubaaqudgha
Okawaru
Xom


Innate Abilities, Weirdness & Mutations

You have a beak for a mouth.
You have claws for feet.
You can fly continuously.


Message History

You hit the orc priest but do no damage.
You feel sick.
The orc priest looks encouraged for a moment.
The orc priest mumbles some strange prayers to Beogh against you.
You barely resist.
You hit the orc priest but do no damage.
You peck the orc priest, but do no damage.
You feel sick. The orc priest closely misses you.
You hit the orc priest but do no damage.
You claw the orc priest, but do no damage.
You feel sick.
The orc priest hits you with a +2 short sword of venom.
You are more poisoned.
The adder bites you. The orc priest closely misses you.
You hit the orc priest but do no damage.
You claw the orc priest, but do no damage.
You peck the orc priest, but do no damage.
You feel sick. The adder misses you.
The orc priest hits you with a +2 short sword of venom.
You are more poisoned.
The adder closely misses you.
You hit the orc priest but do no damage.
You feel very sick. The adder bites you but does no damage.
The orc priest calls down the wrath of Beogh upon you.
Pain shoots through your body!
* * * LOW HITPOINT WARNING * * *
The adder bites you.
* * * LOW HITPOINT WARNING * * *
The orc priest misses you.
The zap hits the orc priest but does no damage.
You feel yourself speed up.
You feel sick. The adder barely misses you.
The orc priest hits you with a +2 short sword of venom.
* * * LOW HITPOINT WARNING * * *
You are lethally poisoned!
The adder bites you.
* * * LOW HITPOINT WARNING * * *
It was a potion of flight.
You feel very buoyant.
You swoop lightly up into the air.
* * * LOW HITPOINT WARNING * * *
You feel sick.
The orc priest hits you with a +2 short sword of venom.
* * * LOW HITPOINT WARNING * * *
The adder bites you.
* * * LOW HITPOINT WARNING * * *
It was a potion of might.
You feel very mighty all of a sudden.
You die...

#.#..............#)......#
..............#....#.....#
.....#..##.......########
# #..<.........#
......#.)#.##....#
....####...##....# ##.
..##(.#....# #
...#..oS.####
.....##@..>.# ...
#.......# . #.........#
....$......# ##..........#
##.........# #.......()#
..........#


You could see an orc priest and an adder.

Vanquished Creatures
  An orc wizard (D:3)
  Jessica (D:3)
  3 adders
  An ooze (D:1)
  A worm (D:2)
  2 dart slugs
  A leopard gecko (D:2)
  3 orcs (D:3)
  4 bats
  6 giant cockroaches
  5 goblins
  5 hobgoblins
  11 kobolds
  A quokka (D:2)
  A frilled lizard (D:1)
  4 rats
50 creatures vanquished.

Notes
Turn   | Place    | Note
-------+----------+-------------------------------------------
     0 | D:1      | vurker the Tengu Air Elementalist began the quest for the
                  | Orb.
     0 | D:1      | Reached XP level 1. HP: 10/10 MP: 4/4
   237 | D:1      | Reached XP level 2. HP: 15/15 MP: 3/6
   834 | D:2      | Reached XP level 3. HP: 20/20 MP: 7/7
  1783 | D:2      | Reached XP level 4. HP: 24/24 MP: 6/9
  1986 | D:3      | Reached skill level 1 in Fighting
  2014 | D:3      | Noticed Jessica
  2017 | D:3      | Killed Jessica
  2017 | D:3      | Reached skill level 5 in Air Magic
  2229 | D:3      | Found an iron altar of Okawaru.
  2231 | D:3      | Found a glowing golden altar of the Shining One.
  2231 | D:3      | Found an opulent altar of Gozag.
  2233 | D:3      | Found a shimmering altar of Xom.
  2233 | D:3      | Found an opulent altar of Gozag.
  2233 | D:3      | Found an ancient bone altar of Kikubaaqudgha.
  2234 | D:3      | Gained mutation: You can fly continuously. [Tengu growth]
  2234 | D:3      | Reached XP level 5. HP: 29/29 MP: 8/10
  2335 | D:3      | Succumbed to an orc priest's poison

Levels and vault maps discovered:
D:1:      lightli_arrival_chessboard, layout_basic, minmay_pentomino_v2
D:2:      layout_loops_ring, minmay_close_crescents
D:3:      layout_rooms, doesnt_xom_only_xom, uniq_jessica

Skill      XL: |  1  2  3  4 |
---------------+-------------+-----
Conjurations   | 2 3 |  3.6
Fighting       | 1 |  1.4
Air Magic      | 5 |  5.3
Spellcasting   | 3 |  3.1
Dodging        | |  2.1
Stealth        | |  2.0

Action                   |  1- 3 |  4- 6 || total
-------------------------+-------+-------++-------
Melee: Dagger            |     9 |     6 ||    15
       Kick              |     2 |     2 ||     4
       Peck              |     2 |     2 ||     4
 Cast: Shock             |    65 |    33 ||    98
  Use: Potion            |       |     2 ||     2
 Stab: Sleeping          |     1 |       ||     1
  Eat: Chunk             |     3 |     2 ||     5
Armor: Robe              |     5 |     2 ||     7
Dodge: Dodged            |     9 |     7 ||    16
